 Dungeon Crawl Stone Soup version 0.31-a0-675-g238779eb0a (webtiles) character file.

Game seed: 17967393027430386886

122 senseless the Slasher (level 4, 0/35 HPs)
             Began as a Demonspawn Gladiator on Sept 5, 2023.
             Slain by an orc
             ... wielding a +0 hand axe
              (2 damage)
             ... on level 3 of the Dungeon.
             The game lasted 00:02:45 (1479 turns).

senseless the Slasher (Demonspawn Gladiator)        Turns: 1479, Time: 00:02:46

Health: 0/35       AC:  6    Str: 17    XL:     4   Next: 78%
Magic:  0/4        EV: 13    Int:  9    God:
Gold:   99         SH:  0    Dex: 14    Spells: 3/3 levels left

rFire   . . .        a - +1 long sword
rCold   . . .        (no shield)
rNeg    . . .        b - +1 leather armour
rPois   .            c - +0 helmet
rElec   .            (no cloak)
rCorr   .            (no gloves)
SInv    +            g - +0 pair of boots
Will    .....        k - amulet "Miujuust" {Spirit Str+2 Dex-2 SInv Stlth+}
Stlth   ++           (no ring)
HPRegen 0.25/turn    (no ring)
MPRegen 0.09/turn

%: guardian spirit
@: no status effects
A: weakness stinger 1
a: no special abilities


You were on level 3 of the Dungeon.
You visited 1 branch of the dungeon, and saw 3 of its levels.

You collected 99 gold pieces.

Inventory:

Hand Weapons
 a - a +1 long sword (weapon)
Missiles
 d - 3 throwing nets (quivered)
 e - a javelin
Armour
 b - a +1 leather armour (worn)
 c - a +0 helmet (worn)
 g - a +0 pair of boots (worn)
Jewellery
 k - the amulet "Miujuust" (around neck) {Spirit Str+2 Dex-2 SInv Stlth+}
   (You found it on level 2 of the Dungeon)

   [amulet of guardian spirit]

   Spirit:    It causes incoming damage to be divided between your reserves of
   health and magic.
   Str+2:     It affects your strength (+2).
   Dex-2:     It affects your dexterity (-2).
   SInv:      It lets you see invisible.
   Stlth+:    It makes you more stealthy.
Scrolls
 f - a scroll of vulnerability {unknown}
 h - a scroll of identify
 i - a scroll of teleportation
 j - a scroll of fog
Potions
 l - a potion of berserk rage
 m - a potion of might
 o - a potion of curing


   Skills:
 + Level 3.3 Fighting
 + Level 3.6 Long Blades
 - Level 1.7 Throwing
 + Level 3.6 Dodging


You had 3 spell levels left.
You didn't know any spells.
Your spell library contained the following spells:

 Spells                   Type           Power      Damage    Failure   Level
 Freeze                   Ice            0%         1d3       45%         1
 Dazzling Flash           Conj/Hex       0%         N/A       83%         3
 Frozen Ramparts          Ice            0%         1d1       83%         3
 Hailstorm                Conj/Ice       0%         3d3       83%         3
 Volatile Blastmotes      Fire/Tloc      0%         2d10      83%         3
 Starburst                Conj/Fire      0%         6d3       100%        6
 Maxwell's Capacitive Co  Air            0%         ∞         100%        8


Dungeon Overview and Level Annotations

Branches:
Dungeon (3/15)

Altars:
Xom

Shops:
D:1 :


Innate Abilities, Weirdness & Mutations

You have a small tail.


Message History

The orc priest is severely wounded.
The orc priest closely misses you. The orc barely misses you.
The orc hits you with a +0 hand axe.
You hit the orc priest but do no damage.
The orc priest is severely wounded.
The orc barely misses you. The orc priest misses you.
The orc hits you with a +0 hand axe.
You hit the orc priest.
You kill the orc priest!
The orc misses you. The orc barely misses you.
The orc wizard gestures at you while chanting.
The magic dart hits you! The orc hits you with a +0 flail.
The orc completely misses you.
You closely miss the orc wizard.
The orc wizard hits you but does no damage.
The orc hits you with a +0 hand axe. The orc barely misses you.
You slash the orc wizard!
The orc wizard is severely wounded.
The orc wizard points at you and mumbles some strange words.
The puff of flame hits you. The orc closely misses you.
The orc hits you with a +0 flail!
You hit the orc wizard.
Your tail-slap misses the orc wizard.
The orc wizard is almost dead.
The orc wizard gestures at you while chanting.
The puff of flame misses you.
A rat comes into view.
The orc closely misses you. x2
You slash the orc wizard!
You kill the orc wizard!
The orc closely misses you. x2
You barely miss the orc.
The orc barely misses you. x2; The orc misses you.
The orc barely misses you.
The orc hits you with a +0 flail of protection.
* * * LOW HITPOINT WARNING * * *
The orc closely misses you.
You closely miss the orc. The orc barely misses you.
The orc hits you with a +0 flail!
* * * LOW HITPOINT WARNING * * *
The orc hits you with a +0 hand axe.
You die...

.## ##......>..#.#
#.## ##.#######..#.##
##.###.## #..#..
##.#.## #..#.# ##.##
#####..#.####### #.#
#......>........
#.#####..............#
#........ #....##.#.#
.# #†####...
#o@#.##.#.# #<# #.#
#oo#.#....####.#.# ..#
#rg#.#.......#.#.# .##
#..#.......#.#.#.# .#
...#...........#.# .
...##........##...##
#. ##.
###............# ..
.......#.##..#..
####.#..........


You could see 3 orcs, a goblin and a rat.

Vanquished Creatures
  An orc priest (D:3)
  An orc wizard (D:3)
  2 adders
  A worm (D:3)
  4 bats
  5 endoplasms
  2 giant cockroaches (D:1)
  3 goblins
  7 hobgoblins
  3 jackals (D:2)
  4 quokkas
  2 ball pythons (D:1)
  4 frilled lizards
  2 kobolds (D:1)
  6 rats
47 creatures vanquished.

Notes
Turn   | Place    | Note
-------+----------+-------------------------------------------
     0 | D:1      | senseless the Demonspawn Gladiator began the quest for the
                  | Orb.
     0 | D:1      | Reached XP level 1. HP: 16/16 MP: 1/1
   115 | D:1      | Found Qeomobb's Book Shop.
   188 | D:1      | Gained mutation: You have a small tail. [demonic ancestry]
   188 | D:1      | Reached XP level 2. HP: 21/22 MP: 2/2
   725 | D:2      | Reached XP level 3. HP: 28/28 MP: 3/3
   977 | D:2      | Identified the amulet "Miujuust" {Spirit Str+2 Dex-2 SInv
                  | Stlth+}
  1331 | D:3      | Found a shimmering altar of Xom.
  1366 | D:3      | Reached XP level 4. HP: 35/35 MP: 4/4
  1479 | D:3      | Slain by an orc

Illustrated notes

Levels and vault maps discovered:
D:1:      dpeg_arrival_erosion, layout_loops_cross, serial_shops, shop,
          minmay_bisected
D:2:      layout_basic, guppyfry_early_lair_pool
D:3:      layout_loops_ring, lemuel_tele_altar, grunt_gozag_statues,
          minmay_misc_feat_iff

Skill      XL: |  1  2  3 |
---------------+----------+-----
Long Blades    | 3 |  3.6
Dodging        | 3 |  3.6
Fighting       | 3 |  3.3
Throwing       | |  1.7

Action                     |  1- 3 |  4- 6 || total
---------------------------+-------+-------++-------
  Melee: Long sword        |   108 |    16 ||   124
         Tailslap          |     8 |     1 ||     9
         Punch             |     2 |       ||     2
    Use: Scroll            |     8 |       ||     8
   Stab: Sleeping          |     4 |       ||     4
 Armour: Leather armour    |    50 |    16 ||    66
  Dodge: Dodged            |    74 |    27 ||   101

Table legend: (Time is in decaauts)
 A = Elapsed time spent in this place.
 B = Non-inter-level travel time spent in this place.
 C = Inter-level travel time spent in this place.
 D = Time resting spent in this place.
 E = Time spent auto-exploring this place.
 F = Levels seen in this place.
 G = Mean time per level.
                   A        B        C        D        E       F      G
               +--------+--------+--------+--------+--------+-----+--------+
         Total |   1509 |   1497 |     12 |      0 |   1157 |   3 |  503.0 |
       Dungeon |   1509 |   1497 |     12 |      0 |   1157 |   3 |  503.0 |
               +--------+--------+--------+--------+--------+-----+--------+

Top non-repeatable levels by time:
     D:1: 717 daAuts
     D:2: 522 daAuts
     D:3: 269 daAuts
